 Dungeon Crawl Stone Soup version bcrawl-1.21.3-2-g9d8a61a446 (webtiles) character file.

Game seed: 12725180417781363532

129 MisterOstroum the Magician (level 5, -6/42 HPs)
             Began as a Hill Orc Wizard on Apr 18, 2020.
             Mangled by an ice beast (13 damage)
             ... on level 4 of the Dungeon.
             The game lasted 00:05:53 (4372 turns).

MisterOstroum the Magician (Hill Orc Wizard)        Turns: 4372, Time: 00:05:54

Health: -6/42      AC:  2    Str: 10    XL:     5   Next: 12%
Magic:  4/9        EV: 12    Int: 19    God:
Gold:   216        SH:  0    Dex:  9    Spells: 5/10 levels left

rFire    . . .     SeeInvis .   x - +0 whip (venom)
rCold    . . .     Gourm    .   (no shield)
rNeg     . . .     Faith    .   b - +0 robe
rPois    .         Spirit   .   c - +0 hat
rElec    .         Reflect  .   (no cloak)
rCorr    .         Harm     .   (no gloves)
MR       +....                  (no boots)
Stlth    ++........             (no amulet)
HPRegen  0.14/turn              u - ring of protection from magic (curse)
MPRegen  0.11/turn              (no ring)

@: no status effects
A: no striking features
a: no special abilities


You were on level 4 of the Dungeon.
You were not hungry.

You visited 1 branch of the dungeon, and saw 4 of its levels.

You collected 216 gold pieces.

Inventory:

Hand Weapons
 a - a +0 staff
 h - a +0 dagger
 q - a +0 war axe
 x - a +0 whip of venom (weapon)
Missiles
 i - 714 stones (quivered)
 n - 407 sling bullets
 t - 142 bolts
Armour
 b - a +0 robe (worn)
 c - a +0 hat (worn)
Jewellery
 u - a cursed ring of protection from magic (left hand)
Scrolls
 d - a scroll of remove curse {unknown}
 j - 3 scrolls of blinking {unknown}
 k - a scroll of noise {unknown}
 m - 2 scrolls of teleportation {unknown}
 o - 5 scrolls of identify {unknown}
Potions
 f - a potion of brilliance
 g - a potion of might {unknown}
 l - a potion of curing {@q1 !q}
 p - 2 potions of lignification {unknown}
 r - a potion of mutation {unknown}
 s - 2 potions of haste {unknown}
 v - a potion of berserk rage {unknown}
Comestibles
 e - 7 rations {!d}


   Skills:
 * Level 2.5 Fighting
   Level 2.5 Short Blades
   Level 2.5 Long Blades
   Level 2.5 Axes
   Level 2.5 Maces & Flails
   Level 2.5 Polearms
   Level 2.5 Staves
 - Level 1.0 Armour
 + Level 2.1 Dodging
 - Level 1.7 Stealth
   Level 2.5 Unarmed Combat
 - Level 3.0 Spellcasting
 - Level 2.5 Conjurations
 - Level 1.4 Summonings
 - Level 0.7 Translocations


You had 5 spell levels left.
You knew the following spells:

 Your Spells              Type           Power        Failure   Level  Hunger
a - Magic Dart            Conj           ##..         5%          1    None
b - Call Imp              Summ           #.....       13%         2    ##.....
c - Blink                 Tloc           N/A          17%         2    ##.....

Your spell library contained the following spells:

 Spells                   Type           Power        Failure   Level  Hunger
 Conjure Flame            Conj/Fire      #.......     26%         3    ###....
 Mephitic Cloud           Conj/Pois/Air  #.......     32%         3    ###....
 Spider Form              Tmut/Pois      #..          41%         3    ###....


Dungeon Overview and Level Annotations

Branches:
Dungeon (4/12)
 Temple: D:4-7

Altars:
Lugonu
Makhleb
Qazlal
Ru
Xom
Zin

Annotations:
D:2 1 exclusion


Message History

Aim: a worker ant (resting)
The magic dart hits the worker ant but does no damage.
Casting: Magic Dart (safe; 5% risk of failure)
Confirm with . or Enter, or press ? or * to list all spells.
Aiming: Magic Dart (safe; 5% risk of failure)
Press: ? - help, Shift-Dir - straight line, f/p - worker ant
Aim: a worker ant The magic dart hits the worker ant.
The worker ant is moderately wounded.
Casting: Magic Dart (safe; 5% risk of failure)
Confirm with . or Enter, or press ? or * to list all spells.
A beastly little devil appears in a puff of flame.
The worker ant bites your crimson imp.
Your crimson imp completely misses the worker ant.
You hit the worker ant but do no damage.
The worker ant is poisoned.
The worker ant is moderately wounded.
The worker ant bites you!
Your crimson imp hits the worker ant.
You barely miss the worker ant.
The worker ant is heavily wounded.
The worker ant bites you.
Your crimson imp hits the worker ant.
The worker ant closely misses you.
You barely miss the worker ant.
The worker ant is almost dead.
You kill the worker ant!
You have reached level 5!
You feel stronger.
Eating one of 6 chunks of flesh.
You eat one of the 6 chunks of flesh.
This raw flesh tastes terrible.
Your crimson imp disappears in a puff of smoke!
Magic restored.
All of the chunks of flesh in your inventory have rotted away.
HP restored.
Found a stone staircase leading down and a stone staircase leading up.
There is a stone staircase leading up here.
Found a glowing silver altar of Zin.
An ice beast comes into view.
An ice beast is nearby!
Casting: Call Imp (safe; 13% risk of failure)
Confirm with . or Enter, or press ? or * to list all spells.
A beastly little devil appears in a puff of flame.
Unknown command.
Casting: Call Imp (safe; 13% risk of failure)
Confirm with . or Enter, or press ? or * to list all spells.
A beastly little devil appears in a puff of flame.
Unknown command.
Casting: Call Imp (safe; 13% risk of failure)
Confirm with . or Enter, or press ? or * to list all spells.
A beastly little devil appears in a puff of flame.
Unknown command.
Your crimson imp hits the ice beast but does no damage.
Your crimson imp barely misses the ice beast.
You hit the ice beast.
The ice beast is lightly wounded.
The ice beast closely misses you.
Your crimson imp barely misses the ice beast.
Your crimson imp hits the ice beast.
Your crimson imp barely misses the ice beast.
You hit the ice beast.
The ice beast is moderately wounded.
The ice beast hits you. The ice beast freezes you!
Your crimson imp hits the ice beast but does no damage.
Your crimson imp completely misses the ice beast.
Your crimson imp closely misses the ice beast.
You barely miss the ice beast.
The ice beast is moderately wounded.
The ice beast barely misses you.
Your crimson imp barely misses the ice beast.
Your crimson imp closely misses the ice beast.
Your crimson imp misses the ice beast.
You closely miss the ice beast.
The ice beast is moderately wounded.
The ice beast misses you.
Your crimson imp closely misses the ice beast. x2
Your crimson imp hits the ice beast but does no damage.
You barely miss the ice beast.
The ice beast is moderately wounded.
The ice beast barely misses you.
Your crimson imp hits the ice beast but does no damage.
Your crimson imp hits the ice beast. x2
You catch the helpless ice beast completely off-guard!
You hit the ice beast.
The ice beast is heavily wounded.
The ice beast barely misses you.
Your crimson imp barely misses the ice beast.
Your crimson imp hits the ice beast.
Your crimson imp hits the ice beast but does no damage.
You barely miss the ice beast.
The ice beast is severely wounded.
The ice beast hits you. The ice beast freezes you!
* * * LOW HITPOINT WARNING * * *
Your crimson imp hits the ice beast but does no damage.
Your crimson imp barely misses the ice beast.
Your crimson imp closely misses the ice beast.
You hit the ice beast.
The ice beast is severely wounded.
The ice beast hits you.
* * * LOW HITPOINT WARNING * * *
The ice beast freezes you!
You die...

########.###.#.#
.............#.#
>........#####..
#####....#
#.##### #.####
....# #.####
.....# #.##.#
#(....#
#.##.####......#
#<##...@Y5_.....
#....#.55...####
####.#.....##
#.#.....#
#.#.....#
#.#####.# #.# .#
#.# .# ..


You could see an ice beast and 3 friendly crimson imps.

Vanquished Creatures
  An orc priest (D:3)
  A worker ant (D:4)
  An adder skeleton (D:3)
  2 worms
  3 dart slugs
  4 leopard geckos
  5 orcs
  A giant cockroach (D:1)
  5 goblins (D:1)
  3 hobgoblins
  4 jackals (D:1)
  4 quokkas
  4 bats
  3 frilled lizards
  8 kobolds
  5 rats
54 creatures vanquished.

Vanquished Creatures (collateral kills)
  A worm (D:2)
1 creature vanquished.

Grand Total: 55 creatures vanquished

Notes
Turn   | Place    | Note
-------+----------+-------------------------------------------
     0 | D:1      | MisterOstroum the Hill Orc Wizard began the quest for the
                  | Orb.
     0 | D:1      | Reached XP level 1. HP: 14/14 MP: 4/4
   129 | D:1      | Reached skill level 1 in Fighting
   166 | D:1      | Reached XP level 2. HP: 23/23 MP: 1/6
   372 | D:1      | Learned a level 2 spell: Call Imp
   375 | D:1      | Learned a level 2 spell: Blink
   793 | D:1      | Reached XP level 3. HP: 8/28 MP: 1/7
  2169 | D:2      | Found a burning altar of Makhleb.
  2670 | D:2      | Found a shimmering altar of Xom.
  2856 | D:3      | Reached skill level 1 in Armour
  2856 | D:3      | Reached XP level 4. HP: 8/36 MP: 3/8
  3769 | D:3      | Found a sacrificial altar of Ru.
  3800 | D:3      | Found a stormy altar of Qazlal.
  3816 | D:3      | Found a corrupted altar of Lugonu.
  4257 | D:4      | Reached XP level 5. HP: 28/42 MP: 4/9
  4355 | D:4      | Found a glowing silver altar of Zin.
  4359 | D:4      | Noticed an ice beast
  4372 | D:4      | Mangled by an ice beast

Skill      XL: |  1  2  3  4 |
---------------+-------------+-----
Fighting       | 1 2 |  2.5
Conjurations   | 2 |  2.5
Armour         | 1 |  1.0
Dodging        | 2 |  2.1
Short Blades   | |  2.5
Long Blades    | |  2.5
Axes           | |  2.5
Maces & Flails | |  2.5
Polearms       | |  2.5
Staves         | |  2.5
Stealth        | |  1.7
Unarmed Combat | |  2.5
Spellcasting   | |  3.0
Summonings     | |  1.4
Translocations | |  0.7

Action                   |  1- 3 |  4- 6 || total
-------------------------+-------+-------++-------
Melee: Staff             |    86 |    36 ||   122
       Whip              |       |    11 ||    11
Throw: Stone             |     3 |       ||     3
 Cast: Magic Dart        |    85 |    50 ||   135
       Call Imp          |     5 |     6 ||    11
       Blink             |       |     2 ||     2
 Stab: Distracted        |       |     1 ||     1
  Eat: Chunk             |     6 |     2 ||     8
       Ration            |       |     1 ||     1
Armor: Robe              |    15 |     4 ||    19
Dodge: Dodged            |    57 |    37 ||    94
